Manson, chaotic male elven Priest --- ---.-- |....| ---....| --|.....-- ...|.---.-- .....|--..| ...---|.h.--- .. |..%..|.. --.%...... |.-....... |...%)@... ---.-.h... |.......- ---(....| |......-- |.......| |....%.-- ----...| --..| ---- Manson the Acolyte Experience level: 5 Strength: 12 Dexterity: 11 Constitution: 10 Intelligence: 11 Wisdom: 20 Charisma: 13 Health: 0(27) Energy: 80(80) Def: 6 Gold: 131 Moves: 855 Dungeon seed: kotZn_jpJWjcMzfY Game ID: Manson_1507631312 Your Inventory: Coins $ - 131 gold pieces Weapons a - a blessed +1 mace (weapon in hand) p - 4 +0 daggers t - 10 +0 darts Armor e - a +0 robe (being worn) n - a +0 small shield (being worn) q - a +0 studded leather armor (being worn) r - a +0 dwarvish cloak Comestibles c - a clove of garlic d - 2 sprigs of wolfsbane Scrolls j - a scroll of magic mapping Spellbooks f - a spellbook of create monster g - a spellbook of clairvoyance Potions b - 4 potions of holy water Rings s - a ring of invisibility Wands o - a wand of digging (0:6) Tools h - an oil lamp (lit) (0:1312) i - a bell k - a skeleton key l - a blessed brass lantern (0:1351) m - a blindfold Spells and supernatural/magical abilities: Name Level Category Fail Memory v - clairvoyance 3 divination 55% 96% O - create monster 2 clerical 0% 96% W - pray for help -- divine ? -- X - turn undead -- divine ? -- Your skills at the end: Fighting Skills Weapon Skills mace [Basic] Spellcasting Skills clerical spells [Basic] Final Attributes: You were piously aligned. You were sleep resistant. You had infravision. You are dead. Vanquished creatures: a gnome king a gnome lord a kitten 2 dwarves 13 gnomes 5 jackals a fox 2 kobolds 3 grid bugs 2 lichens a newt 32 creatures vanquished. Voluntary challenges: You were an atheist. You used a wielded weapon 39 times, starting on turn 10. You read items or engraved 3 times, starting on turn 796. You never genocided any monsters. You never polymorphed an object. You never changed form. You used no wishes. You never split a pudding. You wrote Elbereth's name 3 times, starting on turn 796. You never violated your personal moral code. Dungeon overview: The Dungeons of Doom: levels 1 to 2 Level 1 an altar to Shan Lai Ching, a fountain a long staircase Level 2 a fountain stairs to The Gnomish Mines The Gnomish Mines: levels 3 to 4 Level 3 stairs to The Dungeons of Doom Level 4 <- You were here History has recorded: On T:1 you entered the Dungeons of Doom to retrieve the Amulet of Yendor! On T:340 you reached level 2 of The Dungeons of Doom. On T:468 you advanced to experience level 2. On T:646 you reached level 1 of The Gnomish Mines. On T:669 you advanced to experience level 3. On T:692 you advanced to experience level 4. On T:715 you reached level 2 of The Gnomish Mines. On T:768 you advanced to experience level 5. Score breakdown: Gold: 131 ( 7213 points) Experience: 5 levels (11141 points) Exploration: 4 levels ( 8.51%) ( 7661 points) Discoveries: 0 items ( 0.00%) ( 0 points) Valuables value: (no points given unless you survive) Artifact value: 0 ( 0 points) Variety of kills: 11 monsters ( 2.89%) ( 5097 points) Turncount: 855 turns ( 0 points) Survival: died (score multiplied by 80%) Total score: 24889 Latest messages: You write in the dust with your fingers. You add to the writing in the dust with your fingers. The dwarf turns to flee! The dwarf picks up a green gem. You write in the dust with your fingers. You hear crashing rock. There are a few objects here. You hear crashing rock. You see here a gnome corpse. You kill the gnome! There are a few objects here. You hit the gnome! The gnome hits! You miss the gnome. You kill the grid bug! The gnome misses. You kill the gnome! There are a few objects here. You miss the dwarf. The dwarf swings her broad pick. The dwarf hits! You die... Final status: Goodbye Manson the Priest, killed by a dwarf... You died in The Gnomish Mines on dungeon level 4 with 24889 points, and 131 pieces of gold, after 855 moves. You were level 5 with a maximum of 27 hit points when you died.